 Dungeon Crawl Stone Soup version 0.29.1-12-g30fa7ad0bf (webtiles) character file.

Game seed: 17728071451068361278

54728 Radix the Geomancer (level 14, 0/86 HPs)
             Began as a Gargoyle Earth Elementalist on Dec 18, 2022.
             Was a High Priest of Vehumet.
             Slain by a boulder beetle (11 damage)
             ... on level 5 of the Lair of Beasts on Dec 19, 2022.
             The game lasted 03:28:14 (24432 turns).

Radix the Geomancer (Gargoyle Earth Elementalist)  Turns: 24432, Time: 03:28:27

Health: 0/86       AC: 26    Str: 20    XL:     14   Next: 74%
Magic:  26/29      EV: 12    Int: 19    God:    Vehumet [*****.]
Gold:   1989       SH:  5    Dex: 10    Spells: 20/35 levels left

rFire   . . .      SeeInvis +   Q - +8 morningstar (freeze)
rCold   + . .      Faith    .   g - +0 buckler
rNeg    + . .      Spirit   .   E - +3 acid dragon scales
rPois   ∞          Reflect  .   V - +1 hat {Will+}
rElec   +          Harm     .   J - +0 cloak
rCorr   +          Rampage  .   P - +0 pair of gloves {hurl}
Will    ++...                   i - +3 pair of mountain boots {steadfast, rC+}
Stlth   ++........              m - amulet of the acrobat
HPRegen 0.24/turn               D - ring of see invisible
MPRegen 0.21/turn               A - +6 ring of strength

@: about to teleport, flying, slowed, very slow
A: sickness immunity, AC +10, big wings, negative energy resistance 1,
electricity resistance, torment resistance 1, petrification resistance
a: Renounce Religion


You were on level 5 of the Lair of Beasts.
You worshipped Vehumet.
Vehumet was extremely pleased with you.
You visited 3 branches of the dungeon, and saw 18 of its levels.

You collected 2139 gold pieces.
You spent 150 gold pieces at shops.

Inventory:

Hand Weapons
 O - the +9 hand axe "Diblufux" {venom, rElec rC- Will++ Stlth+}
   (You found it on level 9 of the Dungeon)

   It poisons the flesh of those it strikes.
   rC:        It makes you vulnerable to cold.
   rElec:     It insulates you from electricity.
   Will:      It greatly increases your willpower.
   Stlth:     It makes you more stealthy.
 Q - a +8 morningstar of freezing (weapon)
Armour
 g - a +0 buckler (worn)
 i - the +3 pair of mountain boots (worn) {steadfast, rC+}
   (You found it on level 5 of the Lair of Beasts)

   It prevents involuntary movement, except for blinking, teleportation, or
   banishment.
   rC:        It protects you from cold.
 E - +3 acid dragon scales (worn)
 J - a +0 cloak (worn)
 P - a +0 pair of gloves of hurling (worn)
 V - a +1 hat of willpower (worn)
Jewellery
 m - an amulet of the acrobat (around neck)
 A - a +6 ring of strength (right hand)
 D - a ring of see invisible (left hand)
Wands
 o - a wand of mindburst (6)
 B - a wand of digging (5) (quivered)
 F - a wand of polymorph (12)
 I - a wand of flame (9)
 M - a wand of light (3)
Scrolls
 a - a scroll of silence {unknown}
 c - 2 scrolls of identify
 e - a scroll of enchant weapon
 l - 2 scrolls of enchant armour
 n - a scroll of torment {unknown}
 s - 5 scrolls of magic mapping
 t - 9 scrolls of teleportation
 T - a scroll of brand weapon {unknown}
 Y - a scroll of summoning
Potions
 b - 3 potions of magic
 d - 4 potions of brilliance
 h - 4 potions of curing
 j - 3 potions of might
 r - 2 potions of lignification {unknown}
 x - 5 potions of invisibility
 C - 4 potions of cancellation
 G - a potion of haste {unknown}
 H - a potion of ambrosia {unknown}
 L - 2 potions of resistance {unknown}
Miscellaneous
 k - a box of beasts


   Skills:
 - Level 9.1 Fighting
 - Level 8.4 Maces & Flails
 + Level 5.7 Dodging
 - Level 4.0 Stealth
 - Level 6.8 Shields
 - Level 11.1 Spellcasting
 - Level 7.0 Conjurations
 + Level 10.0 Summonings
 - Level 0.7 Transmutations
 - Level 14.4 Earth Magic


You had 20 spell levels left.
You knew the following spells:

 Your Spells              Type           Power      Damage    Failure   Level
a - Sandblast             Erth           100%       2d20      1%          1
b - Stone Arrow           Conj/Erth      100%       3d13      1%          3
c - Spellforged Servitor  Conj/Summ      21%        N/A       54%         7
d - Summon Lightning Spi  Summ/Air       29%        N/A       14%         4

Your spell library contained the following spells:

 Spells                   Type           Power      Damage    Failure   Level
 Irradiate                Conj/Tmut      12%        3d15      17%         5
 Summon Small Mammal      Summ           100%       N/A       1%          1
 Call Imp                 Summ           48%        N/A       1%          2
 Passwall                 Tmut/Erth      32%        N/A       1%          2
 Call Canine Familiar     Summ           48%        N/A       1%          3
 Freeze                   Ice            40%        1d6       3%          1
 Summon Guardian Golem    Hex/Summ       29%        N/A       4%          3
 Petrify                  Tmut/Erth      39%        N/A       4%          4
 Hailstorm                Conj/Ice       23%        3d7       7%          4
 Iskenderun's Mystic Bla  Conj/Tloc      23%        2d6       7%          4
 Frozen Ramparts          Ice            20%        1d4       9%          3
 Inner Flame              Hex/Fire       10%        N/A       9%          3
 Apportation              Tloc           20%        N/A       11%         1
 Summon Ice Beast         Ice/Summ       29%        N/A       14%         4
 Ensorcelled Hibernation  Hex/Ice        20%        N/A       17%         2
 Spider Form              Tmut/Pois      11%        N/A       28%         3
 Portal Projectile        Hex/Tloc       20%        N/A       32%         3
 Ice Form                 Ice/Tmut       11%        N/A       67%         4
 Anguish                  Hex/Necr       5%         N/A       73%         4
 Animate Dead             Necr           10%        N/A       73%         4
 Cause Fear               Hex            5%         N/A       73%         4
 Corpse Rot               Necr/Pois/Air  10%        N/A       73%         4
 Dispel Undead            Necr           10%        3d9       73%         4
 Death Channel            Necr           5%         N/A       100%        6
 Haunt                    Necr/Summ      14%        N/A       100%        7
 Storm Form               Tmut/Air       5%         N/A       100%        7
 Discord                  Hex            5%         N/A       100%        8
 Infestation              Necr           5%         N/A       100%        8
 Maxwell's Capacitive Co  Air            5%         ∞         100%        8
 Summon Horrible Things   Summ           24%        N/A       100%        8


Dungeon Overview and Level Annotations

Branches:
Dungeon (12/15)            Temple (1/1) D:4            Lair (5/5) D:8
  Swamp (0/4) Lair:2        Snake (0/4) Lair:3        Slime (0/5) Lair:4
    Orc (0/2) D:12

Altars:
Cheibriados
Elyvilon
Gozag
Hepliaklqana
Kikubaaqudgha
Makhleb
Nemelex Xobeh
Qazlal
Ru
Sif Muna
Trog
Uskayaw
Vehumet
Xom
Yredelemnul
The Shining One
Jiyva

Shops:
D:2 ==   D:3 ?   D:4 ((*[

Annotations:
D:12 4 transporters
Lair:5 1 transporter, Coaxmetal's ghost, journeyman GrEE


Innate Abilities, Weirdness & Mutations

You are immune to sickness and miasma.
Your stone body is resilient. (AC +10)
You are immune to poison.
Your large and strong wings let you fly.
You resist negative energy. (rN+)
You are resistant to electric shocks. (rElec)
You are resistant to unholy torment.
You are immune to petrification.


Message History

Digging in that direction won't affect any walls.
A stone wall.
Okay, then.
There is a transporter here.
You enter the transporter and appear at another place.
The boulder beetle curls into a ball and begins rolling!
Coaxmetal's ghost mumbles some strange words.
Coaxmetal's ghost blinks!
Casting: Sandblast (safe; 1% risk of failure)
Confirm with . or Enter, or press ? or * to list all spells.
An electric hum fills the air.
The komodo dragon hisses angrily.
Being near the torpor snail leaves you feeling lethargic.
Aiming: Dig
Press: ? - help, Q - select action, (/) - cycle Shift-Dir - straight line, f - dream sheep
Aim: a dream sheep (ally target, 100% to hit)
The rock shatters into small pieces.
The moth of wrath goads the boulder beetle on!
The boulder beetle goes berserk!
The dream sheep bites you but does no damage.
The boulder beetle hits you!!!!
Ouch! That really hurt!
* * * LOW HITPOINT WARNING * * *
The boulder beetle stops rolling and uncurls.
The dream sheep closely misses you.
Coaxmetal's ghost gestures wildly while chanting.
Coaxmetal's ghost blinks!
You feel better. You block the boulder beetle's attack.
The moth of wrath goads the rime drake on!
The rime drake goes berserk!
You block the boulder beetle's attack.
The dream sheep bites you but does no damage.
The boulder beetle bites you.
* * * LOW HITPOINT WARNING * * *
As you read the scroll of teleportation, it crumbles to dust.
You feel strangely unstable. The rime drake bites you.
* * * LOW HITPOINT WARNING * * *
The rime drake misses you.
The komodo dragon bites your lightning spire!
The dream sheep closely misses you. The boulder beetle bites you!
You die...

#P.P.......P### #
#....#####....## #
##.###...###...# #
#..#.......##.## ##
#..#...#.#..#..# .#
#..#...#.#|.#..# .#
#.##.#.W...##.## .####
##.#.#l8.#.)#...# ....#
###..# #@."!#©..#
....###....##.SYBk#!#...#
.....##....©#.....#[##..#
P..........##.y##w#. #..#
...........#©..#.l.#.#..##
.....##....##....#..##...#
.....###.#..##.Wl...#....#
#....#...#...#####.##....#
.......##..#.....###....##


You could see a boulder beetle (berserk), a torpor snail, a moth of wrath, 2
komodo dragons, a black mamba, a rime drake (berserk), a dream sheep (ally
target), Coaxmetal's ghost and a friendly lightning spire (summoned).

Vanquished Creatures
  Gastronok (D:12)
  5 hydras
  A boulder beetle (Lair:2)
  Erica (Lair:2)
  A two-headed ogre (D:12)
  Urug (Lair:2)
  Sonja (D:12)
  A bog body (Lair:2)
  A deep elf pyromancer (D:12)
  The ghost of booth the Digger, a novice GnWn of Hepliaklqana (D:10)
  3 manticores
  2 ugly things (D:12)
  A wolf spider (Lair:5)
  11 elephants
  11 black mambas
  Maurice (D:8)
  3 gargoyles (D:11)
  7 cane toads
  An unseen horror (D:10)
  A kobold demonologist (D:9)
  4 komodo dragons
  7 rime drakes
  Maggie (D:8)
  3 hornets (Lair:5)
  9 polar bears
  4 trolls
  Grinder (D:6)
  15 blink frogs
  2 raiju (Lair:5)
  4 slime creatures (D:12)
  A vampire (D:11)
  A wraith (D:10)
  14 wyverns
  36 yaks
  3 vampire mosquitoes (D:11)
  3 redbacks (Lair:5)
  6 nagas (Lair:3)
  6 wargs
  11 hell hounds
  19 water moccasins
  11 orc warriors
  16 black bears
  20 wolves
  4 ogres
  5 centaurs
  A phantom (D:7)
  A kobold brigand (D:8)
  13 bullfrogs
  4 necrophages
  12 wights
  3 killer bees (D:9)
  9 howler monkeys
  9 electric eels (D:8)
  A crimson imp (D:6)
  4 hounds
  8 orc priests
  13 orc wizards
  An iguana (D:7)
  4 gnolls (D:3)
  7 adders
  A shadow imp (D:5)
  A white imp (D:8)
  An ufetubus (D:6)
  2 worms (D:2)
  A dart slug (D:2)
  44 orcs
  7 ball pythons
  8 endoplasms
  A giant cockroach (D:4)
  6 goblins
  9 hobgoblins
  17 jackals
  8 quokkas
  3 bats
  6 frilled lizards (D:1)
  12 kobolds
  5 rats
483 creatures vanquished.

Vanquished Creatures (collateral kills)
  A guardian serpent (Lair:5)
  A cane toad (Lair:5)
  2 polar bears (Lair:5)
  A warg (Lair:5)
  2 hell hounds (Lair:5)
  2 black bears (Lair:5)
  2 wolves (Lair:5)
11 creatures vanquished.

Vanquished Creatures (others)
  48 fungi
  143 plants
191 creatures vanquished.

Grand Total: 685 creatures vanquished

Notes
Turn   | Place    | Note
-------+----------+-------------------------------------------
     0 | D:1      | Radix the Gargoyle Earth Elementalist began the quest for
                  | the Orb.
     0 | D:1      | Reached XP level 1. HP: 10/10 MP: 3/3
     5 | D:1      | Got Sif Muna's Papyrus of the Amassed Voyage
   174 | D:1      | Reached XP level 2. HP: 5/15 MP: 0/5
   415 | D:1      | Reached skill level 4 in Earth Magic
   642 | D:1      | Reached XP level 3. HP: 18/19 MP: 1/6
  1395 | D:2      | Found a faded altar of an unknown god.
  1427 | D:2      | Learned a level 3 spell: Stone Arrow
  1473 | D:2      | Reached XP level 4. HP: 22/24 MP: 2/8
  1712 | D:2      | Reached skill level 5 in Earth Magic
  1712 | D:2      | Reached XP level 5. HP: 28/28 MP: 6/9
  1764 | D:2      | Found Vuwkoretan's Jewellery Boutique.
  1878 | D:2      | Found Jyelloz's Jewellery Emporium.
  2204 | D:3      | Found Soisicy's Magic Scroll Boutique.
  3026 | D:3      | Bought a scroll of teleportation for 36 gold pieces
  3026 | D:3      | Bought a scroll of blinking for 90 gold pieces
  3026 | D:3      | Bought a scroll of identify for 24 gold pieces
  3424 | D:4      | Found a staircase to the Ecumenical Temple.
  3511 | Temple   | Entered the Ecumenical Temple
  3516 | Temple   | Became a worshipper of Vehumet
  3571 | D:4      | Found Eghar's Armour Shoppe.
  3574 | D:4      | Found Zaeroopo's Weapon Shoppe.
  3574 | D:4      | Found Imedojull's Antique Weapon Shoppe.
  3576 | D:4      | Reached XP level 6. HP: 32/32 MP: 9/11
  3579 | D:4      | Found Siaborir's General Store.
  3984 | D:4      | Reached skill level 1 in Shields
  4142 | D:5      | Entered Level 5 of the Dungeon
  4162 | D:5      | Noticed a water moccasin
  4164 | D:5      | Killed a water moccasin
  4165 | D:5      | Reached skill level 6 in Earth Magic
  4181 | D:5      | Reached XP level 7. HP: 36/36 MP: 7/13
  4441 | D:5      | Identified the +1 whip "Ohuff" {vorpal, +Blink rN+++ Dex-2
                  | Stlth+}
  4572 | D:5      | Reached * piety under Vehumet
  4572 | D:5      | Offered knowledge of Freeze by Vehumet.
  4831 | D:6      | Noticed Grinder
  4843 | D:6      | Reached skill level 5 in Spellcasting
  4843 | D:6      | Reached skill level 7 in Earth Magic
  4854 | D:6      | Reached XP level 8. HP: 32/41 MP: 6/15
  4856 | D:6      | Killed Grinder
  5283 | D:6      | Reached skill level 5 in Shields
  5283 | D:6      | Reached skill level 8 in Earth Magic
  5344 | D:6      | HP: 1/41 [orc warrior/+0 trident (3)]
  5850 | D:6      | Found a burning altar of Makhleb.
  6208 | D:6      | Found a glowing golden altar of the Shining One.
  6208 | D:6      | Found a white marble altar of Elyvilon.
  6216 | D:6      | Found a hide-covered altar of Uskayaw.
  6221 | D:6      | Reached XP level 9. HP: 45/45 MP: 14/18
  6225 | D:6      | Found a hazy altar of Hepliaklqana.
  6244 | D:6      | Found a bloodstained altar of Trog.
  6247 | D:6      | Found an opulent altar of Gozag.
  6663 | D:7      | Reached skill level 9 in Earth Magic
  6777 | D:7      | Offered knowledge of Static Discharge by Vehumet.
  7371 | D:7      | Identified a scroll of acquirement
  7371 | D:7      | Acquired 728 gold pieces
  7374 | D:8      | Noticed Maggie
  7380 | D:8      | Killed Maggie
  7411 | D:8      | Noticed Maurice
  7537 | D:8      | Killed Maurice
  7538 | D:8      | Reached skill level 10 in Earth Magic
  7550 | D:7      | Reached ** piety under Vehumet
  7765 | D:8      | Reached XP level 10. HP: 50/50 MP: 14/22
  7785 | D:8      | Reached skill level 1 in Fighting
  7801 | D:8      | Found a staircase to the Lair.
  7855 | D:8      | Reached skill level 1 in Maces & Flails
  7988 | D:8      | Reached skill level 11 in Earth Magic
  8245 | D:8      | Offered knowledge of Dazzling Flash by Vehumet.
  9160 | D:9      | Reached *** piety under Vehumet
  9196 | D:9      | Identified the +9 hand axe "Diblufux" {venom, rElec rC-
                  | Will++ Stlth+}
  9217 | D:9      | Noticed a kobold demonologist
  9226 | D:9      | Killed a kobold demonologist
  9329 | D:9      | Found a sparkling altar of Nemelex Xobeh.
  9336 | D:9      | Found a snail-covered altar of Cheibriados.
  9688 | D:9      | Reached XP level 11. HP: 62/62 MP: 21/24
  9785 | D:10     | Entered Level 10 of the Dungeon
  9810 | D:10     | Found a runed translucent gate.
  9810 | D:10     | Found a runed translucent gate.
  9811 | D:10     | Noticed booth's ghost (novice GnWn)
  9812 | D:10     | Found a runed translucent gate.
  9877 | D:10     | Identified the +1 short sword "Goblinbane" {venom, Int+5
                  | Dex+2}
  9968 | D:10     | Reached skill level 12 in Earth Magic
  9973 | D:10     | Offered knowledge of Olgreb's Toxic Radiance by Vehumet.
  9980 | D:10     | Reached skill level 5 in Fighting
 10571 | D:10     | Reached skill level 5 in Maces & Flails
 11051 | D:11     | Reached skill level 1 in Conjurations
 11150 | D:11     | Reached **** piety under Vehumet
 11202 | D:11     | Noticed a four-headed hydra
 11211 | D:11     | Killed a four-headed hydra
 12440 | D:12     | Noticed Sonja
 12444 | D:12     | Killed Sonja
 12479 | D:12     | Noticed an eight-headed hydra
 12486 | D:12     | Killed an eight-headed hydra
 12699 | D:12     | Noticed Gastronok
 12711 | D:12     | Killed Gastronok
 12712 | D:12     | Reached skill level 10 in Spellcasting
 12712 | D:12     | Reached skill level 13 in Earth Magic
 12712 | D:12     | Reached XP level 12. HP: 64/71 MP: 1/26
 12854 | D:12     | Found a transporter.
 12862 | D:12     | Found a transporter.
 12864 | D:12     | Found a transporter.
 12865 | D:12     | Noticed an eight-headed hydra
 12913 | D:12     | Noticed a two-headed ogre
 12918 | D:12     | Killed a two-headed ogre
 13094 | D:12     | Offered knowledge of Sticky Flame by Vehumet.
 13463 | D:12     | Found a transporter.
 13939 | D:12     | Killed an eight-headed hydra
 13985 | D:12     | Found a staircase to the Orcish Mines.
 14889 | D:10     | Reached skill level 5 in Conjurations
 14897 | D:10     | Killed booth's ghost
 15324 | Lair:1   | Entered Level 1 of the Lair of Beasts
 15571 | Lair:1   | Reached ***** piety under Vehumet
 15571 | Lair:1   | Offered knowledge of Spellforged Servitor by Vehumet.
 16095 | Lair:2   | Found a staircase to the Swamp.
 16099 | Lair:2   | Noticed a boulder beetle
 16104 | Lair:2   | Reached skill level 14 in Earth Magic
 16104 | Lair:2   | Reached XP level 13. HP: 79/79 MP: 20/27
 16203 | Lair:2   | Noticed Urug
 16486 | Lair:2   | Noticed Erica
 16493 | Lair:2   | Killed Erica
 16846 | Lair:2   | Killed Urug
 17388 | Lair:2   | Learned a level 7 spell: Spellforged Servitor
 17793 | Lair:3   | Found a staircase to the Snake Pit.
 18069 | Lair:3   | Reached skill level 1 in Summonings
 19255 | Lair:4   | Found a staircase to the Slime Pits.
 19256 | Lair:4   | Found a viscous altar of Jiyva.
 19708 | Lair:4   | Reached skill level 5 in Summonings
 19973 | Lair:5   | Entered Level 5 of the Lair of Beasts
 20984 | Lair:5   | Gained mutation: Your large and strong wings let you fly.
                  | [Gargoyle growth]
 20984 | Lair:5   | Reached XP level 14. HP: 86/86 MP: 29/29
 21113 | Lair:5   | Found a transporter.
 21129 | Lair:5   | Noticed Coaxmetal's ghost (journeyman GrEE)
 21147 | Lair:5   | Found a transporter.
 21641 | Lair:5   | Learned a level 4 spell: Summon Lightning Spire
 21658 | Lair:5   | Offered knowledge of Flame Wave by Vehumet.
 22281 | Lair:5   | Found the +3 pair of mountain boots {steadfast, rC+}
 23444 | Lair:5   | Reached skill level 5 in Dodging
 24153 | Lair:5   | Offered knowledge of Irradiate by Vehumet.
 24165 | Lair:5   | Reached skill level 10 in Summonings
 24432 | Lair:5   | Slain by a boulder beetle

Illustrated notes

Levels and vault maps discovered:
D:1:      lightli_arrival_quake, layout_rooms, minivault_5
D:2:      layout_basic, dreamdust_ecumenical_altar_statues, serial_shops,
          shop_coins, shop_fountains
D:3:      layout_loops_corners, serial_shops, shop_scrolls,
          hangedman_decor_lopped, minmay_misc_feat_pillars
D:4:      layout_loops_cross, minmay_temple_entry_sparse_star,
          hangedman_abyss_or_decor_passed, minivault_11, minmay_shop_grid_forest
D:5:      layout_rooms, minmay_stone_trees_small, minmay_misc_feat_plants,
          grunt_decor_mini_mirrors
D:6:      layout_cave_pods, makhleb_grotto_becter,
          nicolae_overflow_hallway_of_the_gods, uniq_grinder
D:7:      hellmonk_ruined_rings, layout_loops_cross
D:8:      layout_rooms, grunt_lair_entry_orc_guard_hut, serial_bayou,
          serial_bayou_pond_c, serial_bayou_lagoon_b, serial_bayou_lagoon_a,
          serial_bayou_ford_a, serial_bayou_lake_a, uniq_maggie, uniq_maurice
D:9:      layout_loops_ring, minitemple, enter_bailey_2
D:10:     layout_stronghold, biasface_ghost_orc_armoury
D:11:     layout_long_grid
D:12:     layout_loops_ring, orc_0_dummy, nicolae_transporter_circle,
          uniq_sonja, uniq_gastronok
Temple:   nicolae_temple_bog_church
Lair:1:   layout_gridlike
Lair:2:   layout_cellular_growth, skrybe_swamp_entry_bodies, uniq_erica,
          uniq_urug
Lair:3:   layout_hall_layers, minmay_snake_entry_guardpost_large,
          grunt_forest_small_clearing_treed
Lair:4:   layout_hall_layers, slime_entry_1, serial_bayou_shore_a
Lair:5:   hangedman_lair_tendril_chambers, layout_misc_corridors,
          hangedman_lair_caniforms_friends, gammafunk_ghost_berserking_beasts

Skill      XL: |  1  2  3  4  5  6  7  8  9 10 11 12 13 14 |
---------------+-------------------------------------------+-----
Earth Magic    | 4 5 6 7 8 10 11 13 14 | 14.4
Stealth        | 3 4 |  4.0
Spellcasting   | 3 4 5 6 8 9 10 11 | 11.1
Shields        | 2 3 5 6 |  6.8
Fighting       | 4 6 8 9 |  9.1
Maces & Flails | 4 6 7 8 |  8.4
Conjurations   | 3 6 7 |  7.0
Summonings     | 7 10 | 10.0
Dodging        | 5 |  5.7
Transmutations | |  0.7

Action                   |  1- 3 |  4- 6 |  7- 9 | 10-12 | 13-15 || total
-------------------------+-------+-------+-------+-------+-------++-------
Melee: Spear             |    15 |       |       |       |       ||    15
       Unarmed           |     6 |       |       |       |       ||     6
       Dagger            |    26 |    14 |       |       |       ||    40
       Whip              |       |       |    28 |     9 |       ||    37
       Morningstar       |       |       |       |    86 |   169 ||   255
 Cast: Sandblast         |    45 |    71 |   136 |   254 |   279 ||   785
       Stone Arrow       |       |     1 |    16 |    74 |   113 ||   204
       Summon Lightning  |       |       |       |       |    17 ||    17
 Abil: Evoke Blink       |       |       |     1 |       |       ||     1
Evoke: Wand              |       |       |       |       |     1 ||     1
  Use: Scroll            |       |     6 |     3 |    17 |    11 ||    37
       Potion            |       |       |     3 |     2 |     8 ||    13
 Stab: Sleeping          |       |     1 |       |       |       ||     1
Armor: Robe              |    20 |    14 |    31 |       |       ||    65
       Acid dragon scale |       |       |    42 |   130 |   351 ||   523
Dodge: Dodged            |    30 |    26 |    64 |   158 |   423 ||   701
Block: Buckler           |       |     1 |    28 |    69 |   186 ||   284
